 Dungeon Crawl Stone Soup version 0.18.1-8-gdd0e5ea (webtiles) character file.

45 manyhoops the Firebug (level 3, -2/26 HPs)
             Began as a Demigod Fire Elementalist on May 25, 2016.
             Hit by a goblin thrown by Robin (3 damage)
             ... on level 2 of the Dungeon.
             The game lasted 00:02:47 (1223 turns).

manyhoops the Firebug (Demigod Fire Elementalist)   Turns: 1223, Time: 00:02:47

Health: -2/26      AC:  2    Str: 11    XL:     3   Next: 25%
Magic:  7/9        EV: 12    Int: 21    God:
Gold:   17         SH:  0    Dex: 16    Spells: 2 memorised, 3 levels left

rFire  . . .     SeeInvis .     d - +0 dagger
rCold  . . .     Gourm    .     a - +0 robe
rNeg   . . .     Faith    .     (no shield)
rPois  .         Spirit   .     (no helmet)
rElec  .         Dismiss  .     (no cloak)
rCorr  .         Reflect  .     (no gloves)
SustAt +         Harm     .     (no boots)
MR     .....                    (no amulet)
Stlth  +.........               (no ring)
                                j - ring of loudness (curse)

@: not resistant to hostile enchantments, very unstealthy
A: high mp 1, sustain attributes
a: no special abilities


You were on level 2 of the Dungeon.
You were very hungry.

You visited 1 branch of the dungeon, and saw 2 of its levels.

You collected 17 gold pieces.

Inventory:

Hand Weapons
 d - a +0 dagger (weapon)
Armour
 a - a +0 robe (worn)
Jewellery
 j - a cursed ring of loudness (left hand)
Scrolls
 e - a scroll of immolation {unknown}
 f - a scroll of enchant armour {unknown}
 k - a scroll of remove curse
 l - a scroll of identify {unknown}
Potions
 g - a potion of might
 m - a potion of invisibility {unknown}
Books
 b - a book of Flames

   Spells                             Type                      Level
   a - Flame Tongue                   Conjuration/Fire             1
   b - Throw Flame                    Conjuration/Fire             2
   c - Conjure Flame                  Conjuration/Fire             3
   d - Inner Flame                    Hexes/Fire                   3
   e - Sticky Flame                   Conjuration/Fire             4
   f - Fireball                       Conjuration/Fire             5
Comestibles
 c - a bread ration
 h - 2 beef jerkies
 i - a royal jelly


   Skills:
 - Level 1.7 Dodging
 - Level 1.7 Stealth
 + Level 2.4 Spellcasting
 + Level 1.1 Conjurations
 + Level 3.4 Fire Magic


You had 3 spell levels left.
You knew the following spells:

 Your Spells              Type           Power        Failure   Level  Hunger
a - Flame Tongue          Conj/Fire      ##...        8%          1    None
b - Throw Flame           Conj/Fire      ##....       12%         2    ##.....


Dungeon Overview and Level Annotations

Branches:
Dungeon (2/15)

Annotations:
D:2 Robin


Innate Abilities, Weirdness & Mutations

You have an increased reservoir of magic (+10% MP).
Your attributes are resistant to harm.


Message History

Aiming: Flame Tongue
Press: ? - help, Shift-Dir - straight line, f - goblin
Aim: a goblin, wielding a club (heavily wounded)
The flame tongue misses the goblin.
The goblin barely misses you. The goblin misses you. x2
Casting: Flame Tongue
Confirm with . or Enter, or press ? or * to list all spells.
Aiming: Flame Tongue
Press: ? - help, Shift-Dir - straight line, f/p - goblin
Aim: a goblin, wielding a club (heavily wounded)
The flame tongue hits the goblin.
You kill the goblin!
The goblin hits you but does no damage. The goblin hits you.
Robin hits you from afar with a spear of freezing.
* * * LOW HITPOINT WARNING * * *
Robin freezes you.
* * * LOW HITPOINT WARNING * * *
You see here a club.
Robin throws the goblin at you!
You die...

######### #........#.#.# #(.#
#.......#.##.................#
#.#####.#...........#.#.##g....
##.# #.####...g....g.....>g....
...# #....†...g...g######..####
##.# #...)...gg###.# #.g#
#.#####.#######g# .# #gg#
#.......# ### #g##[..# #.g.
#.......#######@##...#
#.####....'_'..g##...# ...
#..###'###.##..># .# ##.# #.#
#.##...######
#..###.###...........#
#....................
#..#.##..............
##.[.########...##### ###.#
#...#


You could see Robin, a hobgoblin and 5 goblins.

Vanquished Creatures
  An adder (D:2)
  A worm (D:2)
  A dart slug (D:1)
  A giant cockroach (D:2)
  7 goblins
  4 hobgoblins (D:1)
  3 jackals (D:2)
  3 kobolds (D:1)
  A quokka (D:2)
  A ball python (D:1)
  4 bats
  2 rats
29 creatures vanquished.

Notes
Turn   | Place    | Note
--------------------------------------------------------------
     0 | D:1      | manyhoops the Demigod Fire Elementalist began the quest for the Orb.
     0 | D:1      | Reached XP level 1. HP: 14/14 MP: 5/5
   187 | D:1      | Reached skill level 1 in Conjurations
   205 | D:1      | Reached skill level 3 in Fire Magic
   348 | D:1      | Reached XP level 2. HP: 20/20 MP: 2/7
   522 | D:1      | Learned a level 2 spell: Throw Flame
   988 | D:2      | Found a glowing golden altar of the Shining One.
  1044 | D:2      | Reached XP level 3. HP: 26/26 MP: 6/9
  1198 | D:2      | Noticed Robin
  1221 | D:2      | HP: 1/26 [Robin/spear of freezing (3)]
  1223 | D:2      | Hit by a goblin thrown by Robin

Skill      XL: |  1 |
---------------+----+-----
Spellcasting   | 2 |  2.4
Conjurations   | 1 |  1.1
Fire Magic     | 3 |  3.4
Dodging        | |  1.7
Stealth        | |  1.7

Action                   || total
-------------------------++-------
Melee: Unarmed           ||     2
       Dagger            ||     7
 Cast: Flame Tongue      ||    43
       Throw Flame       ||     3
  Use: Scroll            ||     1
Armor: Robe              ||     4
Dodge: Dodged            ||    16
